 Dungeon Crawl Stone Soup version 0.29-a0-847-g24c0ca63c9 (webtiles) character file.

Game seed: 3303649015447494586

247 PentaManta the Carver (level 6, 0/44 HPs)
             Began as a Merfolk Gladiator on July 16, 2022.
             Slain by a hobgoblin (1 damage)
             ... on level 4 of the Dungeon.
             The game lasted 00:06:17 (3687 turns).

PentaManta the Carver (Merfolk Gladiator)           Turns: 3687, Time: 00:06:17

Health: 0/44       AC:  4    Str: 11 (14) XL:     6   Next: 11%
Magic:  6/6        EV: 13    Int:  6 (7)  God:
Gold:   157        SH:  0    Dex: 17 (18) Spells: 5/5 levels left

rFire   . . .      SeeInvis .   a - +0 long sword
rCold   . . .      Faith    .   (no shield)
rNeg    . . .      Spirit   .   b - +0 leather armour
rPois   .          Reflect  .   c - +0 helmet
rElec   .          Harm     .   (no cloak)
rCorr   .          Rampage  .   (no gloves)
Will    .....                   (no boots)
Stlth   +.........              (no amulet)
HPRegen 0.14/turn               (no ring)
MPRegen 0.10/turn               (no ring)

@: no status effects
A: (nimble swimmer 2), mertail
a: no special abilities


You were on level 4 of the Dungeon.
You visited 1 branch of the dungeon, and saw 4 of its levels.

You collected 157 gold pieces.

Inventory:

Hand Weapons
 a - a +0 long sword (weapon)
 s - a +0 short sword
Missiles
 d - 2 throwing nets (quivered)
 e - a javelin
Armour
 b - a +0 leather armour (worn)
 c - a +0 helmet (worn)
 n - a +0 ring mail
 v - a +0 scale mail
Jewellery
 k - an amulet of magic regeneration
 q - an amulet of faith
 x - a ring of ice
Scrolls
 f - a scroll of summoning {unknown}
 g - 3 scrolls of magic mapping {unknown}
 j - 4 scrolls of identify {unknown}
 u - a scroll of noise {unknown}
 w - a scroll of vulnerability {unknown}
 y - a scroll of teleportation {unknown}
Potions
 h - a potion of mutation {unknown}
 i - a potion of lignification {unknown}
 l - a potion of ambrosia {unknown}
 m - 2 potions of resistance {unknown}
 o - a potion of degeneration
 r - a potion of might {unknown}
 t - a potion of flight {unknown}
 z - a potion of magic {unknown}


   Skills:
 - Level 2.1 Fighting
 + Level 8.0 Long Blades
 - Level 2.0 Throwing
 - Level 4.0 Dodging


You had 5 spell levels left.
You didn't know any spells.
Your spell library contained the following spells:

 Spells                   Type           Power      Damage    Failure   Level
 Summon Small Mammal      Summ           0%         N/A       54%         1
 Scorch                   Fire           0%         2d5       69%         2
 Call Canine Familiar     Summ           0%         N/A       89%         3
 Frozen Ramparts          Ice            0%         1d2       89%         3
 Summon Guardian Golem    Hex/Summ       0%         N/A       89%         3
 Flame Wave               Conj/Fire      0%         2d4       100%        4
 Ice Form                 Ice/Tmut       0%         N/A       100%        4
 Summon Ice Beast         Ice/Summ       0%         N/A       100%        4
 Summon Cactus Giant      Summ           0%         N/A       100%        6


Dungeon Overview and Level Annotations

Branches:
Dungeon (4/15)
 Temple: D:4-7

Altars:


Innate Abilities, Weirdness & Mutations

((You are very nimble when in or above water. (Stealth+, EV+, Speed+++)))
Your lower body shifts to a powerful aquatic tail in water.


Message History

The howler monkey hoots and howls with incredible vigour!
The quokka barely misses you.
Your Long Blades skill increases to level 8!
You have reached level 6!
You slash the quokka!
You kill the quokka!
You barely miss the howler monkey.
The howler monkey hoots and howls with incredible vigour!
You closely miss the howler monkey. The howler monkey closely misses you.
A hobgoblin comes into view.
You hit the howler monkey but do no damage.
The howler monkey hits you.
The howler monkey hits you but does no damage.
You closely miss the howler monkey. The howler monkey hits you!
You hit the howler monkey.
The howler monkey is lightly wounded.
The howler monkey hits you.
You are too injured to fight recklessly!
You are too injured to fight recklessly!
You are too injured to fight recklessly!
You hit the howler monkey.
The howler monkey is moderately wounded.
The howler monkey hits you.
You barely miss the howler monkey.
The howler monkey is moderately wounded.
An endoplasm comes into view.
The howler monkey hits you!
* * * LOW HITPOINT WARNING * * *
The hobgoblin barely misses you.
You hit the howler monkey.
The howler monkey is heavily wounded.
The howler monkey hits you.
* * * LOW HITPOINT WARNING * * *
The hobgoblin misses you. The howler monkey hits you.
* * * LOW HITPOINT WARNING * * *
It was a potion of degeneration.
There was something very wrong with that liquid.
You feel weakened.
You feel dopey.
You feel clumsy. The hobgoblin hits you.
You die...

..... ...... ......###......
....##........ .
##.##.........
..######............. #
##.......#............... .#
##.........................
$##............g............!
#..............@h............
##...................J........
#......................!......
#.............................
#..<.........................
#.....!.............?........
#............†.....!........?
##..........<............
.......................#


You could see a howler monkey, an endoplasm and a hobgoblin.

Vanquished Creatures
  A phantom (D:4)
  An orc priest (D:3)
  An orc wizard (D:3)
  4 adders (D:2)
  A worm (D:2)
  2 dart slugs
  5 orcs (D:3)
  3 bats
  6 endoplasms
  6 giant cockroaches
  7 goblins
  3 hobgoblins
  6 jackals
  5 quokkas
  7 ball pythons
  2 frilled lizards
  7 kobolds
  2 rats (D:2)
69 creatures vanquished.

Notes
Turn   | Place    | Note
-------+----------+-------------------------------------------
     0 | D:1      | PentaManta the Merfolk Gladiator began the quest for the
                  | Orb.
     0 | D:1      | Reached XP level 1. HP: 16/16 MP: 1/1
   142 | D:1      | Reached skill level 4 in Long Blades
   342 | D:1      | Reached XP level 2. HP: 22/22 MP: 2/2
   772 | D:1      | Found a faded altar of an unknown god.
  1293 | D:1      | Reached XP level 3. HP: 21/27 MP: 3/3
  1330 | D:2      | Reached skill level 5 in Long Blades
  1625 | D:2      | Reached XP level 4. HP: 22/33 MP: 4/4
  1988 | D:2      | Reached skill level 6 in Long Blades
  2800 | D:3      | Reached XP level 5. HP: 20/38 MP: 5/5
  3097 | D:3      | Reached skill level 7 in Long Blades
  3621 | D:4      | Noticed a phantom
  3675 | D:4      | HP: 1/38 [phantom (3)]
  3677 | D:4      | Killed a phantom
  3678 | D:4      | Reached skill level 8 in Long Blades
  3678 | D:4      | Reached XP level 6. HP: 34/44 MP: 6/6
  3686 | D:4      | HP: 1/44 [howler monkey (6)]
  3687 | D:4      | Slain by a hobgoblin

Illustrated notes

Levels and vault maps discovered:
D:1:      evilmike_arrival_plus, layout_loops_cross,
          hellmonk_ecumenical_altar_inner_sanctum
D:2:      layout_rooms, minmay_pentomino_w4
D:3:      minmay_general_purpose_star, layout_rooms,
          amcnicky_mini_rare_corridor_liquid
D:4:      layout_layer_cave, minmay_temple_entry_large_hall

Skill      XL: |  1  2  3  4  5 |
---------------+----------------+-----
Long Blades    | 4 5 6 8 |  8.0
Fighting       | |  2.1
Throwing       | |  2.0
Dodging        | |  4.0

Action                   |  1- 3 |  4- 6 || total
-------------------------+-------+-------++-------
Melee: Dagger            |   106 |    28 ||   134
       Long sword        |    62 |   121 ||   183
       Punch             |     1 |     4 ||     5
       Short sword       |       |    63 ||    63
Throw: Throwing net      |       |     1 ||     1
  Use: Potion            |       |     2 ||     2
 Stab: Held in net/web   |       |     1 ||     1
       Sleeping          |       |     2 ||     2
Armor: Leather armour    |    55 |    35 ||    90
Dodge: Dodged            |   119 |   140 ||   259

Table legend: (Time is in decaauts)
 A = Elapsed time spent in this place.
 B = Non-inter-level travel time spent in this place.
 C = Inter-level travel time spent in this place.
 D = Time resting spent in this place.
 E = Time spent auto-exploring this place.
 F = Levels seen in this place.
 G = Mean time per level.
                   A        B        C        D        E       F      G
               +--------+--------+--------+--------+--------+-----+--------+
         Total |   3676 |   3601 |     75 |    548 |   2343 |   4 |  919.0 |
       Dungeon |   3676 |   3601 |     75 |    548 |   2343 |   4 |  919.0 |
               +--------+--------+--------+--------+--------+-----+--------+

Top non-repeatable levels by time:
     D:2: 1576 daAuts
     D:1: 1036 daAuts
     D:3: 1021 daAuts
     D:4: 41 daAuts
